 Dungeon Crawl Stone Soup version 0.19-a0-1007-g133f65f (webtiles) character file.

23 Slippy the Sneak (level 2, -1/13 HPs)
             Began as a Spriggan Enchanter on July 21, 2016.
             Killed from afar by Sigmund (9 damage)
             ... with a puff of flame
             ... on level 2 of the Dungeon.
             The game lasted 00:03:44 (998 turns).

Slippy the Sneak (Spriggan Enchanter)                Turns: 998, Time: 00:03:45

Health: -1/13      AC:  3    Str:  4    XL:     2   Next: 72%
Magic:  3/7        EV: 18    Int: 16    God:
Gold:   25         SH:  0    Dex: 16    Spells: 2 memorised, 4 levels left

rFire  . . .     SeeInvis +     f - +3 dagger
rCold  . . .     Gourm    .     b - +1 robe
rNeg   . . .     Faith    .     (shield restricted)
rPois  .         Spirit   .     (helmet restricted)
rElec  .         Dismiss  .     (no cloak)
rCorr  .         Reflect  .     (gloves unavailable)
SustAt .         Harm     .     (boots unavailable)
MR     .....                    (no amulet)
Stlth  +++.......               (no ring)
                                (no ring)

@: very slightly contaminated, very quick, not resistant to hostile
enchantments, fairly stealthy
A: unfitting armour, see invisible, herbivore 3, speed 3, slow metabolism 2
a: no special abilities


You were on level 2 of the Dungeon.
You were not hungry.

You visited 1 branch of the dungeon, and saw 2 of its levels.

You collected 25 gold pieces.

Inventory:

Hand Weapons
 f - a +3 dagger (weapon)
Armour
 b - a +1 robe (worn)
Jewellery
 g - a +3 ring of evasion {unknown}
Scrolls
 e - a scroll of magic mapping {unknown}
 i - a scroll of remove curse {unknown}
 j - a scroll of fear {unknown}
Potions
 h - a potion of heal wounds {unknown}
Books
 c - a book of Maledictions

   Spells                             Type                      Level
   a - Corona                         Hexes                        1
   b - Ensorcelled Hibernation        Hexes/Ice                    2
   c - Confuse                        Hexes                        3
   d - Tukima's Dance                 Hexes                        3
   e - Dazzling Spray                 Conjuration/Hexes            3
Comestibles
 a - a slice of pizza
 d - 3 bread rations


   Skills:
 - Level 1.1 Short Blades
 - Level 3.0 Dodging
 + Level 4.9 Stealth
 * Level 3.3 Spellcasting
 * Level 4.1 Hexes


You had 4 spell levels left.
You knew the following spells:

 Your Spells              Type           Power        Failure   Level  Hunger
a - Corona                Hex            ###....      4%          1    None
b - Ensorcelled Hibernat  Hex/Ice        #.....       14%         2    ##.....


Dungeon Overview and Level Annotations

Branches:
Dungeon (2/15)

Altars:

Annotations:
D:2 Sigmund


Innate Abilities, Weirdness & Mutations

You are tiny and cannot use many weapons and most armour.
You have supernaturally acute eyesight. (SInv)
You are a herbivore.
You cover ground extremely quickly.
You need consume almost no food.


Message History

A hobgoblin comes into view. It is wielding a club.
You see here a scroll labeled LEHUSO HAINIFE.
j - a scroll labeled LEHUSO HAINIFE A jackal and a hobgoblin come into view.
A giant newt, a giant cockroach and a kobold come into view.
The hobgoblin shouts! x2; The giant newt hisses angrily.
You hear a bark!
The kobold shouts!
You hear an angry hiss.
The hobgoblin closely misses you.
You hit the hobgoblin.
The hobgoblin is heavily wounded.
The jackal barely misses you. The hobgoblin completely misses you.
A ball python and a jackal come into view.
You closely miss the hobgoblin.
The hobgoblin is heavily wounded.
The jackal barely misses you. The jackal completely misses you.
The hobgoblin completely misses you. Sigmund casts a spell at you.
The puff of flame hits you!
Ouch! That really hurt!
You die...

#..# ####..#
#.....#
##.###@##
###..# #..# #
#...## ##.# ##
.. #.### #@###
.##.# #.#
#...######gh.K#
..#
###...#.@lhg#
.## ###@..##.##
## ##### .# #
S. ... ....
..... ......


You could see Sigmund, 2 jackals, 2 hobgoblins, a kobold and a giant newt.

Vanquished Creatures
  A dart slug (D:1)
  7 bats (D:1)
  A giant cockroach (D:1)
  3 goblins (D:1)
  4 hobgoblins
  2 kobolds (D:1)
  2 rats (D:1)
20 creatures vanquished.

Notes
Turn   | Place    | Note
-------+----------+-------------------------------------------
     0 | D:1      | Slippy the Spriggan Enchanter began the quest for the Orb.
     0 | D:1      | Reached XP level 1. HP: 9/9 MP: 5/5
   349 | D:1      | Reached XP level 2. HP: 6/13 MP: 7/7
   507 | D:1      | Learned a level 2 spell: Ensorcelled Hibernation
   933 | D:2      | Noticed Sigmund
   998 | D:2      | Killed from afar by Sigmund

Vault maps used:
D:1:      dpeg_arrival_houses_and_road
D:2:      uniq_sigmund, uniq_natasha

Skill      XL: |  1  2 |
---------------+-------+-----
Spellcasting   | 3 |  3.3
Hexes          | 4 |  4.1
Short Blades   | |  1.1
Dodging        | |  3.0
Stealth        | |  4.9

Action                   || total
-------------------------++-------
Melee: Dagger            ||    72
 Cast: Ensorcelled Hiber ||     4
 Stab: Sleeping          ||     7
Armor: Robe              ||    10
Dodge: Dodged            ||    75
